 Dungeon Crawl Stone Soup version 0.31-a0-981-geadf994542 (webtiles) character file.

Game seed: 5899870040294964941

13745 jasper the Grappler (level 11, -2/90 HPs)
             Began as a Demonspawn Cinder Acolyte on Nov 1, 2023.
             Was a Follower of Ignis.
             Slain by a yak (4 damage)
             ... on level 11 of the Dungeon.
             The game lasted 00:16:02 (11477 turns).

jasper the Grappler (Demonspawn Cinder Acolyte)    Turns: 11477, Time: 00:16:03

Health: -2/90      AC: 11    Str: 15    XL:     11   Next: 79%
Magic:  21/21      EV: 15    Int: 16    God:    Ignis [*.....]
Gold:   963        SH:  0    Dex: 12    Spells: 12/12 levels left

rFire   + .          .
                       - Unarmed
rCold   . . .        (no shield)
rNeg    . . .        I - +1 acid dragon scales
rPois   +            p - +0 helmet
rElec   .            m - +0 cloak
rCorr   +            (gloves unavailable)
SInv    .            (no boots)
Will    .....        (no amulet)
Stlth   +            r - ring of magical power
HPRegen 0.35/turn    J - ring of poison resistance
MPRegen 0.17/turn

%: no passive effects
@: no status effects
A: icy blue scales 1, powered by death 1, demonic touch 3
a: Renounce Religion, Fiery Armour, Foxfire Swarm


You were on level 11 of the Dungeon.
You worshipped Ignis.
Ignis was aware of your devotion.
You visited 3 branches of the dungeon, and saw 13 of its levels.

You collected 963 gold pieces.

Inventory:

Missiles
 b - 140 stones (quivered)
 f - 52 poisoned darts
 n - 12 boomerangs
Armour
 a - a +0 robe
 d - the +3 plate armour "Hule" {rCorr}
   (You found it on level 2 of the Dungeon)

   rCorr:     It protects you from acid and corrosion.
 g - a +0 pair of gloves
 m - a +0 cloak (worn)
 p - a +0 helmet (worn)
 A - a +2 robe of willpower
 B - a +2 robe of cold resistance
 D - a +1 leather armour of poison resistance
 I - +1 acid dragon scales (worn)
Jewellery
 r - a ring of magical power (left hand)
 u - a ring of ice
 x - a ring of see invisible
 J - a ring of poison resistance (right hand)
Talismans
 q - a maw talisman
Wands
 h - a wand of roots (1)
 k - a wand of mindburst (8)
 l - a wand of digging (2)
Scrolls
 j - 3 scrolls of teleportation
 t - a scroll of fog
 y - a scroll of revelation
 G - 3 scrolls of fear
Potions
 c - a potion of brilliance
 e - 3 potions of enlightenment
 i - a potion of haste {unknown}
 o - 2 potions of mutation
 s - 3 potions of lignification
 v - a potion of ambrosia
 w - a potion of invisibility
 z - a potion of cancellation
 C - a potion of curing {unknown}
 E - 2 potions of attraction {unknown}
 F - a potion of degeneration {unknown}
 H - a potion of might {unknown}


   Skills:
 - Level 10.0 Fighting
 - Level 10.0 Dodging
 - Level 10.0 Unarmed Combat
 - Level 1.0 Spellcasting
 - Level 2.6 Fire Magic
 + Level 6.3 Shapeshifting


You had 12 spell levels left.
You didn't know any spells.
Your spell library contained the following spells:

 Spells                   Type           Power      Damage    Failure   Level
 Scorch                   Fire           18%        2d5       16%         2
 Foxfire                  Conj/Fire      20%        2x1d5     19%         1
 Static Discharge         Conj/Air       0%         3-3/arc   43%         2
 Wereblood                Tmut           0%         N/A       43%         2
 Dazzling Flash           Conj/Hex       0%         N/A       67%         3
 Airstrike                Air            0%         2d(0-16)  97%         4
 Animate Dead             Necr           0%         N/A       97%         4
 Summon Lightning Spire   Summ/Air       0%         N/A       97%         4
 Agony                    Necr           0%         N/A       100%        5
 Borgnjor's Vile Clutch   Necr/Erth      0%         N/A       100%        5
 Irradiate                Conj/Tmut      0%         3d11      100%        5
 Silence                  Hex/Air        0%         N/A       100%        5
 Death Channel            Necr           0%         N/A       100%        6
 Plasma Beam              Fire/Air       2%         2x1d12    100%        6
 Starburst                Conj/Fire      2%         6d3       100%        6


Dungeon Overview and Level Annotations

Branches:
Dungeon (11/15)            Temple (0/1) D:6            Lair (1/5) D:11
    Orc (1/2) D:10

Altars:
Uskayaw
Xom

Shops:
D:6 *   D:9 (

Annotations:
D:4 2 transporters, mattiecakes's ghost, amateur DjSh
Lair:1 2 runed translucent doors, Gastronok


Innate Abilities, Weirdness & Mutations

You are partially covered in icy blue scales. (AC +2)
You regenerate a little health from kills.
Your touch may irresistibly damage your foes and sap their willpower.


Message History

* * * LOW HITPOINT WARNING * * *
You take 7 damage, and have 27/90 hp.
You hit the yak but do no damage.
The yak is lightly wounded.
The yak barely misses you.
You punch the yak!
You touch the yak!
You sap its willpower!
The yak is almost dead.
The yak gores you!
* * * LOW HITPOINT WARNING * * *
You take 10 damage, and have 18/90 hp.
You punch the yak!
You kill the yak!
The yak gores you!
* * * LOW HITPOINT WARNING * * *
You take 6 damage, and have 12/90 hp.
You closely miss the yak. The yak gores you.
* * * LOW HITPOINT WARNING * * *
You take 2 damage, and have 10/90 hp.
You barely miss the yak.
You touch the yak!
You sap its willpower!
The yak is moderately wounded.
The yak gores you.
* * * LOW HITPOINT WARNING * * *
You take 5 damage, and have 5/90 hp.
You barely miss the yak.
The yak is moderately wounded.
The yak completely misses you.
You punch the yak!
You touch the yak!
You sap its willpower!
The yak is almost dead.
The yak gores you but does no damage.
You hit the yak.
The yak is almost dead.
You barely miss the yak.
The yak is almost dead.
The yak gores you.
* * * LOW HITPOINT WARNING * * *
You take 3 damage, and have 2/90 hp.
You barely miss the yak.
The yak is almost dead.
The yak gores you.
You die...

######.# #.# #.# #.#. #.# #.#####
#.# #.#. #.# #.....# #.# ##.##
######.# #####.###.####.## #..##
.......# #.............<.# #.###
.....#### #.............#.# #.#
........###..#..........#.# #.#
.....##........#Y.........# #.#
#....##........#@>......#.# #.#
##.......^.....#...#...##.###.##
#...##...)............##.##...#
##...##...)............##.##.#.##
.....##.#.#........##...#....#...
##..###.#.#####............#####.
#........# ###............#...
##.###.#.# #.###.####.#.#.## #.#
#.#.# #.# #รท# ##.#...#


You could see a yak (weak-willed).

Vanquished Creatures
  Fannar (D:10)
  A boulder beetle (D:11)
  3 death yaks (D:11)
  A two-headed ogre (D:11)
  A manticore (D:11)
  2 unseen horrors
  2 cane toads
  A komodo dragon (D:8)
  3 trolls
  A hornet (D:8)
  Sigmund (D:3)
  A shadow (D:9)
  2 wraiths (D:11)
  A wyvern (D:10)
  17 yaks
  3 steam dragons
  2 acid dragons
  2 black bears
  An ice beast (D:8)
  2 sky beasts
  7 orc warriors
  2 ogres
  4 centaurs
  A phantom (D:4)
  4 kobold brigands
  A bullfrog (D:9)
  A gnoll sergeant (D:10)
  A scorpion (D:7)
  15 killer bees
  An electric eel (D:8)
  5 hounds
  3 jellies
  Crazy Yiuf (D:3)
  5 orc priests
  6 iguanas
  A hell rat (D:11)
  8 orc wizards
  7 adders
  8 gnolls
  4 white imps
  63 orcs
  11 endoplasms
  2 giant cockroaches
  8 goblins
  7 hobgoblins
  6 jackals
  24 kobolds
  6 quokkas
  7 ball pythons
  6 bats
  3 frilled lizards
  8 rats
284 creatures vanquished.

Vanquished Creatures (others)
  An orc (D:10)
  A kobold (D:8)
2 creatures vanquished.

Grand Total: 286 creatures vanquished

Notes
Turn   | Place    | Note
-------+----------+-------------------------------------------
     0 | D:1      | jasper the Demonspawn Cinder Acolyte began the quest for
                  | the Orb.
     0 | D:1      | Reached XP level 1. HP: 18/18 MP: 2/2
   349 | D:1      | Gained mutation: You are partially covered in icy blue
                  | scales. (AC +2) [demonic ancestry]
   349 | D:1      | Reached XP level 2. HP: 24/24 MP: 3/3
   828 | D:1      | Reached skill level 1 in Dodging
   828 | D:1      | Reached XP level 3. HP: 17/29 MP: 4/4
  1586 | D:2      | Identified the +3 plate armour "Hule" {rCorr}
  1946 | D:3      | Gained mutation: Your touch may inflict minor irresistible
                  | damage on your foes. [demonic ancestry]
  1946 | D:3      | Reached XP level 4. HP: 35/35 MP: 5/5
  1994 | D:3      | Noticed Sigmund
  2005 | D:3      | Killed Sigmund
  2006 | D:3      | Reached XP level 5. HP: 18/42 MP: 6/6
  2211 | D:3      | Reached skill level 5 in Unarmed Combat
  2664 | D:3      | Found a runed translucent door.
  2665 | D:3      | Noticed Crazy Yiuf
  2673 | D:3      | Killed Crazy Yiuf
  2674 | D:3      | Reached XP level 6. HP: 37/49 MP: 4/7
  2801 | D:4      | Found a hide-covered altar of Uskayaw.
  2816 | D:4      | Found a shimmering altar of Xom.
  3018 | D:4      | Found a transporter.
  3022 | D:4      | Noticed mattiecakes's ghost (amateur DjSh)
  3069 | D:4      | Found a transporter.
  3322 | D:4      | Reached skill level 5 in Fighting
  3325 | D:4      | Gained mutation: You regenerate a little health from kills.
                  | [demonic ancestry]
  3325 | D:4      | Reached XP level 7. HP: 37/56 MP: 8/8
  3632 | D:5      | Entered Level 5 of the Dungeon
  3851 | D:5      | Identified the +8 trident "Lifebane" {heavy, Contam rPois
                  | rC- Dex+6}
  4467 | D:6      | Found Tumesuib's Mayhem Merchandise.
  4629 | D:6      | Reached XP level 8. HP: 64/64 MP: 9/9
  4917 | D:6      | Found a staircase to the Ecumenical Temple.
  6215 | D:8      | Gained mutation: Your touch may inflict irresistible damage
                  | on your foes. [demonic ancestry]
  6215 | D:8      | Reached XP level 9. HP: 36/72 MP: 10/10
  6333 | D:8      | Noticed a komodo dragon
  6346 | D:8      | Killed a komodo dragon
  7141 | D:8      | Paralysed by a hornet for 1 turns
  7147 | D:8      | Paralysed by a hornet for 1 turns
  7149 | D:8      | Reached skill level 10 in Unarmed Combat
  7529 | D:9      | Noticed a troll
  7529 | D:9      | Noticed a troll
  7544 | D:9      | Killed a troll
  7554 | D:9      | Killed a troll
  7946 | D:9      | Reached XP level 10. HP: 71/83 MP: 11/11
  8039 | D:9      | Found Qoakluhov's Antique Weapon Shop.
  8420 | D:10     | Entered Level 10 of the Dungeon
  8556 | D:10     | Noticed Fannar
  8561 | D:10     | Reached skill level 10 in Fighting
  8561 | D:10     | Reached skill level 5 in Dodging
  8572 | D:10     | Killed Fannar
  8843 | D:10     | Found a staircase to the Orcish Mines.
  9496 | D:11     | Noticed a two-headed ogre
  9508 | D:11     | Killed a two-headed ogre
  9509 | D:11     | Gained mutation: Your touch may irresistibly damage your
                  | foes and sap their willpower. [demonic ancestry]
  9509 | D:11     | Reached XP level 11. HP: 57/90 MP: 12/12
  9658 | D:11     | Noticed a death yak
  9658 | D:11     | Noticed a death yak
  9676 | D:11     | Killed a death yak
  9677 | D:11     | Reached skill level 10 in Dodging
  9686 | D:11     | Reached skill level 1 in Shapeshifting
  9906 | D:11     | Noticed a boulder beetle
  9962 | Orc:1    | Entered Level 1 of the Orcish Mines
 10219 | Orc:1    | Noticed an orc sorcerer
 10219 | Orc:1    | Noticed an orc knight
 10219 | Orc:1    | Noticed an orc sorcerer
 10220 | Orc:1    | Noticed an orc sorcerer
 10221 | Orc:1    | Noticed a soul eater
 10228 | Orc:1    | Paralysed by an orc sorcerer for 2 turns
 10229 | Orc:1    | Noticed a sixfirhy
 10230 | Orc:1    | Noticed a sun demon
 10426 | D:11     | Killed a boulder beetle
 10877 | D:11     | Found a staircase to the Lair.
 10877 | D:11     | Noticed a death yak
 10902 | D:11     | Killed a death yak
 10916 | D:11     | Killed a death yak
 10917 | D:11     | Reached skill level 5 in Shapeshifting
 11255 | Lair:1   | Entered Level 1 of the Lair of Beasts
 11263 | Lair:1   | Found a runed translucent gate.
 11264 | Lair:1   | Found a runed translucent gate.
 11336 | Lair:1   | Noticed Gastronok
 11476 | D:11     | HP: 2/90 [yak (4)]
 11477 | D:11     | Slain by a yak

Illustrated notes

Levels and vault maps discovered:
D:1:      dpeg_arrival_orchard, layout_loops_corners, minmay_misc_feat_ornament,
          kennysheep_nondescript, chequers_serial_rivers_large_a
D:2:      layout_loops_ring, serial_park_tiny_pond,
          nicolae_kite_square_tiling_tiny, mrwooster_statue_mirror
D:3:      minmay_razor_zed, layout_rooms, uniq_sigmund, uniq_crazy_yiuf_cottage
D:4:      layout_loops_cross, minitemple, gammafunk_ghost_stat_death
D:5:      layout_loops_ring
D:6:      layout_loops_ring, minmay_temple_entry_statues_pillars,
          minmay_shop_mayhem, nicolae_tricolors
D:7:      layout_loops_corners, palyth_stone_intersect
D:8:      layout_basic, minivault_23, minivault_14
D:9:      layout_loops_ring, serial_shops, shop
D:10:     layout_roguey [special_room_orc], special_room [special_room_orc],
          uniq_fannar
D:11:     layout_loops_ring, dpeg_lair_monsters, grunt_decor_clamped,
          amcnicky_mini_pool_small
Lair:1:   statuecave_lemuel, layout_chaotic_city, gammafunk_ghost_icy,
          uniq_gastronok
Orc:1:    dreamdust_wu_jian_sword_trials, layout_diamond_mine

Skill      XL: |  1  2  3  4  5  6  7  8  9 10 11 |
---------------+----------------------------------+-----
Unarmed Combat | 3 4 5 6 7 9 10 | 10.0
Dodging        | 1 3 9 10 | 10.0
Fighting       | 4 5 6 7 9 10 | 10.0
Shapeshifting  | 6 |  6.3
Spellcasting   | |  1.0
Fire Magic     | |  2.6

Action                     |  1- 3 |  4- 6 |  7- 9 | 10-12 || total
---------------------------+-------+-------+-------+-------++-------
  Melee: Unarmed           |   145 |   114 |   286 |   396 ||   941
         Punch             |     6 |     1 |     6 |    27 ||    40
         Touch             |       |    10 |    44 |    84 ||   138
  Throw: Stone             |       |       |     1 |       ||     1
 Invoke: Fiery Armour      |     1 |     3 |     2 |     5 ||    11
         Rising Flame      |       |       |       |     1 ||     1
  Evoke: Wand              |       |     1 |    17 |     3 ||    21
    Use: Scroll            |     5 |       |    17 |     3 ||    25
         Potion            |       |       |     2 |     3 ||     5
   Stab: Sleeping          |     2 |       |       |       ||     2
 Armour: Robe              |    67 |       |       |       ||    67
         Plate armour      |     6 |   153 |   170 |       ||   329
         Acid dragon scale |       |       |    56 |   232 ||   288
         Skin              |       |       |       |    17 ||    17
  Dodge: Dodged            |    77 |    20 |    82 |   241 ||   420

Table legend: (Time is in decaauts)
 A = Elapsed time spent in this place.
 B = Non-inter-level travel time spent in this place.
 C = Inter-level travel time spent in this place.
 D = Time resting spent in this place.
 E = Time spent auto-exploring this place.
 F = Levels seen in this place.
 G = Mean time per level.
                   A        B        C        D        E       F      G
               +--------+--------+--------+--------+--------+-----+--------+
         Total |  11378 |  11115 |    263 |    906 |   8067 |  13 |  875.2 |
       Dungeon |  11182 |  10921 |    261 |    906 |   7936 |  11 | 1016.5 |
          Lair |    100 |    100 |      0 |      0 |     69 |   1 |  100.0 |
  Orcish Mines |     96 |     96 |      0 |      0 |     62 |   1 |   96.0 |
               +--------+--------+--------+--------+--------+-----+--------+

Top non-repeatable levels by time:
    D:11: 1565 daAuts
     D:8: 1269 daAuts
    D:10: 1247 daAuts
     D:1: 1117 daAuts
     D:7: 1068 daAuts
     D:9: 946 daAuts
     D:4: 910 daAuts
     D:3: 799 daAuts
     D:2: 792 daAuts
     D:5: 768 daAuts
     D:6: 698 daAuts
  Lair:1: 100 daAuts
   Orc:1: 96 daAuts
